 Dungeon Crawl Stone Soup version 0.27.1-3-gb3d3a73c9e (webtiles) character file.

Game seed: 15166762441114529293

36 orcwave the Poker (level 3, -4/27 HPs)
             Began as a Human Gladiator on Oct 11, 2021.
             Slain by a gnoll (7 damage)
             ... on level 2 of the Dungeon.
             The game lasted 00:06:39 (1250 turns).

orcwave the Poker (Human Gladiator)                 Turns: 1250, Time: 00:06:41

Health: -4/27      AC:  6    Str: 15    XL:     3   Next: 57%
Magic:  3/3        EV:  8    Int:  8    God:
Gold:   28         SH:  7    Dex: 14    Spells: 2/2 levels left

rFire    . . .     SeeInvis .   a - +0 trident
rCold    + . .     Faith    .   f - +0 kite shield
rNeg     . . .     Spirit   .   j - +0 ring mail
rPois    .         Reflect  .   c - +0 helmet
rElec    .         Harm     .   (no cloak)
rCorr    .         Rampage  .   (no gloves)
Will     .....                  (no boots)
Stlth    +.........             (no amulet)
HPRegen  0.09/turn              h - ring of protection from cold
MPRegen  0.08/turn              (no ring)

@: no status effects
A: no striking features
a: no special abilities


You were on level 2 of the Dungeon.
You visited 1 branch of the dungeon, and saw 2 of its levels.

You collected 28 gold pieces.

Inventory:

Hand Weapons
 a - a +0 trident (weapon)
 b - a +1 dagger of holy wrath
Missiles
 d - 3 throwing nets (quivered)
Armour
 c - a +0 helmet (worn)
 f - a +0 kite shield (worn)
 j - a +0 ring mail (worn)
Jewellery
 g - an amulet of magic regeneration
 h - a ring of protection from cold (left hand)
Scrolls
 e - a scroll of fear {unknown}
 i - a scroll of vulnerability {unknown}


   Skills:
 + Level 2.2 Fighting
 + Level 3.5 Polearms
 + Level 2.1 Throwing
 + Level 0.3 Armour
 + Level 3.3 Dodging
 + Level 0.3 Stealth
 + Level 0.5 Shields


You had 2 spell levels left.
You didn't know any spells.
Your spell library was empty.

Dungeon Overview and Level Annotations

Branches:
Dungeon (2/15)

Altars:


Message History

You block the gnoll's attack.
You barely miss the gnoll. The gnoll barely misses you.
A frilled lizard comes into view.
You block the gnoll's attack.
The gnoll hits you from afar with a +0 spear.
You puncture the gnoll!
The gnoll is heavily wounded.
The gnoll barely misses you. The gnoll closely misses you.
You barely miss the gnoll.
The gnoll is heavily wounded.
A gnoll comes into view. It is wielding a +0 spear.
The gnoll hits you with a +0 spear. The gnoll closely misses you.
The gnoll moves out of view.
Your shield prevents you from hitting the gnoll.
The gnoll is heavily wounded.
You block the gnoll's attack. The gnoll hits you but does no damage.
The gnoll hits you with a +0 spear. You block the gnoll's attack.
You hit the gnoll but do no damage.
The gnoll is heavily wounded.
The gnoll hits you but does no damage. You block the gnoll's attack.
You hit the gnoll.
You kill the gnoll!
You block the gnoll's attack.
The gnoll hits you from afar with a +0 spear.
The gnoll barely misses you.
You see here a +0 spear.
You closely miss the gnoll. You block the gnoll's attack.
You hit the gnoll but do no damage. The gnoll barely misses you. x2
You hit the gnoll.
The gnoll is lightly wounded.
The gnoll hits you with a +0 spear.
* * * LOW HITPOINT WARNING * * *
You completely miss the gnoll.
The gnoll is lightly wounded.
The gnoll hits you with a +0 spear.
* * * LOW HITPOINT WARNING * * *
You puncture the gnoll!
The gnoll is severely wounded.
The gnoll hits you with a +0 spear!
You die...

########.....#####.....####
#####..#....###.#
####...#### ..# ##.....##
.# #..###....# #
#######.#######...#
#..........# #.##
#..........######..#
...............@glg.#
.#..........######.....
#..######### #.. ...# ..# #


You could see 2 gnolls and a frilled lizard.

Vanquished Creatures
  A gnoll (D:2)
  A dart slug (D:2)
  2 ball pythons (D:1)
  An endoplasm (D:1)
  5 goblins (D:1)
  2 hobgoblins
  2 quokkas (D:1)
  3 bats (D:1)
  A frilled lizard (D:1)
  2 kobolds (D:1)
  3 rats (D:1)
23 creatures vanquished.

Notes
Turn   | Place    | Note
-------+----------+-------------------------------------------
     0 | D:1      | orcwave the Human Gladiator began the quest for the Orb.
     0 | D:1      | Reached XP level 1. HP: 16/16 MP: 1/1
   290 | D:1      | Reached XP level 2. HP: 22/22 MP: 2/2
   714 | D:1      | Found a faded altar of an unknown god.
   923 | D:1      | Reached XP level 3. HP: 23/27 MP: 3/3
  1250 | D:2      | Slain by a gnoll

Illustrated notes

Levels and vault maps discovered:
D:1:      dpeg_arrival_simpleton_b, layout_basic, ebering_ecumenical_altar_ruins
D:2:      layout_rooms

Action                   || total
-------------------------++-------
Melee: Trident           ||    67
 Stab: Sleeping          ||     1
Armor: Leather armour    ||    11
       Ring mail         ||     7
Dodge: Dodged            ||    23
Block: Kite shield       ||    28
